 Dungeon Crawl Stone Soup version 0.29.0-3-gbb0933ed62 (webtiles) character file.

Game seed: 12817272767682159820

105 GigaChad the Trooper (level 4, -4/41 HPs)
             Began as a Minotaur Fighter on Aug 25, 2022.
             Frozen to death by an endoplasm (5 damage)
             ... on level 2 of the Dungeon.
             The game lasted 00:02:52 (1396 turns).

GigaChad the Trooper (Minotaur Fighter)             Turns: 1396, Time: 00:02:53

Health: -4/41      AC:  7    Str: 23    XL:     4   Next: 54%
Magic:  3/3        EV:  9    Int:  5    God:
Gold:   32         SH:  4    Dex:  9    Spells: 3/3 levels left

rFire   . . .      SeeInvis .   a - +0 long sword
rCold   . . .      Faith    .   c - +0 buckler
rNeg    . . .      Spirit   .   b - +0 scale mail
rPois   .          Reflect  .   (helmet restricted)
rElec   .          Harm     .   (no cloak)
rCorr   .          Rampage  .   (no gloves)
Will    .....                   (no boots)
Stlth   ..........              (no amulet)
HPRegen 0.13/turn               (no ring)
MPRegen 0.08/turn               (no ring)

@: slowed, very slow
A: horns 2, retaliatory headbutt
a: no special abilities


You were on level 2 of the Dungeon.
You visited 1 branch of the dungeon, and saw 2 of its levels.

You collected 32 gold pieces.

Inventory:

Hand Weapons
 a - a +0 long sword (weapon)
Armour
 b - a +0 scale mail (worn)
 c - a +0 buckler (worn)
Scrolls
 f - 2 scrolls of butterflies {unknown}
 g - a scroll of magic mapping {unknown}
 i - a scroll of fear {unknown}
Potions
 d - 2 potions of might
 e - 2 potions of curing {unknown}
 h - a potion of lignification {unknown}


   Skills:
 + Level 4.7 Fighting
 + Level 3.7 Long Blades
 + Level 4.5 Armour
 + Level 0.2 Dodging
 + Level 4.0 Shields


You had 3 spell levels left.
You didn't know any spells.
Your spell library was empty.

Dungeon Overview and Level Annotations

Branches:
Dungeon (2/15)

Altars:

Annotations:
D:2 Natasha


Innate Abilities, Weirdness & Mutations

You have a pair of horns on your head.
You reflexively headbutt those who attack you in melee.


Message History

Natasha claws you.
* * * LOW HITPOINT WARNING * * *
The shadow imp disappears for a moment.
The shadow imp barely misses you. The endoplasm barely misses you.
Natasha claws you.
* * * LOW HITPOINT WARNING * * *
You hit Natasha but do no damage.
Natasha is almost dead.
The shadow imp shouts, "Slither home, thou reeling-ripe moon-mazed horn-beast!"
The shadow imp hits you but does no damage.
The endoplasm freezes you.
You are frozen.
* * * LOW HITPOINT WARNING * * *
Natasha casts a spell at you.
You feel yourself slow down.
You barely miss Natasha. You headbutt Natasha.
Natasha is almost dead.
The shadow imp barely misses you.
The endoplasm hits you but does no damage.
Natasha claws you.
* * * LOW HITPOINT WARNING * * *
The shadow imp hits you but does no damage.
The endoplasm freezes you.
You are frozen.
* * * LOW HITPOINT WARNING * * *
Natasha mumbles some strange words.
Natasha's front paws start to glow.
Natasha mumbles some strange words.
You closely miss Natasha.
Natasha is almost dead.
The shadow imp barely misses you. You furiously retaliate!
You headbutt the shadow imp, but do no damage.
The endoplasm freezes you.
You are frozen.
* * * LOW HITPOINT WARNING * * *
Natasha claws you but does no damage.
The crimson imp blinks!
The shadow imp hits you but does no damage.
The endoplasm freezes you.
You are frozen.
You die...

.....###.# ..## ###.#
.......... ....# #...#
.<...#.### #...# #.###
.........# ....# #.#
.....#.#.# #!#.# #.#
.....>.... #§#J# #.#
).†#.....# #.#.###.#
<.........######h#.....#
####.^...).....5@J5#####
# #|..#.########.# #
#.## #.# ## ..# ###


You could see Natasha, a crimson imp (summoned), a shadow imp (summoned) and an
endoplasm.

Vanquished Creatures
  Jessica (D:2)
  3 adders (D:2)
  2 dart slugs
  6 ball pythons
  3 bats
  4 endoplasms
  A giant cockroach (D:2)
  7 hobgoblins
  3 jackals (D:1)
  3 kobolds (D:1)
  2 quokkas (D:1)
  2 frilled lizards (D:1)
  5 goblins
  4 rats (D:1)
46 creatures vanquished.

Notes
Turn   | Place    | Note
-------+----------+-------------------------------------------
     0 | D:1      | GigaChad the Minotaur Fighter began the quest for the Orb.
     0 | D:1      | Reached XP level 1. HP: 19/19 MP: 0/0
    47 | D:1      | Reached XP level 2. HP: 19/27 MP: 1/1
   706 | D:1      | Reached XP level 3. HP: 31/33 MP: 2/2
   966 | D:1      | Found a faded altar of an unknown god.
  1217 | D:2      | Noticed Jessica
  1226 | D:2      | Killed Jessica
  1227 | D:2      | Reached XP level 4. HP: 41/41 MP: 3/3
  1384 | D:2      | Noticed Natasha
  1396 | D:2      | HP: 1/41 [frozen (4)]
  1396 | D:2      | Frozen to death by an endoplasm

Illustrated notes

Levels and vault maps discovered:
D:1:      eino_arrival_cavern_a, layout_basic,
          shapermc_ecumenical_altar_acropolis, st_stairs_11
D:2:      layout_loops_ring, uniq_jessica, uniq_natasha

Skill      XL: |  1  2  3 |
---------------+----------+-----
Armour         | 4 |  4.5
Fighting       | 4 |  4.7
Shields        | 4 |  4.0
Long Blades    | 3 |  3.7
Dodging        | |  0.2

Action                   |  1- 3 |  4- 6 || total
-------------------------+-------+-------++-------
Melee: Long sword        |   107 |    23 ||   130
       Headbutt          |     4 |     2 ||     6
Armor: Scale mail        |    78 |     9 ||    87
Dodge: Dodged            |    64 |    16 ||    80
Block: Buckler           |    43 |       ||    43
